 Dungeon Crawl Stone Soup version 0.27-a0-773-gaaee5cf45b (webtiles) character file.

Game seed: 8878983318044672854

37583 robertstho the Eclecticist (level 13, -5/92 HPs)
             Began as a Djinni Fire Elementalist on Mar 24, 2021.
             Was an Initiate of Gozag.
             Slain by a boulder beetle (8 damage)
             ... on level 5 of the Lair of Beasts on Mar 25, 2021.
             The game lasted 00:34:59 (21466 turns).

robertstho the Eclecticist (DjFE)                  Turns: 21466, Time: 00:34:59

Health: -5/92      AC:  7    Str:  7    XL:     13   Next: 97%
Gold:   945        EV: 16    Int: 32    God:    Gozag SH:  0 Dex: 14

rFire    + + +     SeeInvis .   K - +10 broad axe of Rirecw {vorpal, rF+ Int+4}
rCold    x x .     Faith    .   (no shield)
rNeg     . . .     Spirit   .   y - +0 steam dragon scales
rPois    ∞         Reflect  .   d - +0 helmet
rElec    .         Harm     .   q - scarf {+Inv}
rCorr    .         Rampage  .   m - +0 pair of gloves
Will     +....                  (boots unavailable)
Stlth    ++........             f - amulet of the acrobat
HPRegen  0.25/turn              u - ring of fire
MPRegen  0.00/turn              M - +6 ring of intelligence

@: flying
A: fire resistance 2, cold vulnerability 1, float, innate caster, hp casting,
extra vitality 1
a: Renounce Religion, Evoke Invisibility, Potion Petition, Call Merchant, Bribe
Branch


You were on level 5 of the Lair of Beasts.
You worshipped Gozag.
Gozag was pleased with you.
You visited 3 branches of the dungeon, and saw 17 of its levels.

You collected 3173 gold pieces.
You spent 1558 gold pieces at shops.
You paid 670 gold pieces to Gozag.

Inventory:

Hand Weapons
 h - a +0 dagger of venom
 K - the +10 broad axe of Rirecw (weapon) {vorpal, rF+ Int+4}
   (You bought it in a shop on level 3 of the Dungeon)

   It inflicts extra damage upon your enemies.
   It affects your intelligence (+4).
   It protects you from fire.
 L - the +6 morningstar of the Magi {vamp, rElec rN+ Int-2 Stlth+}
   (You bought it in a shop on level 3 of the Dungeon)

   It inflicts no extra harm, but heals its wielder when it wounds a living foe.
   It affects your intelligence (-2).
   It insulates you from electricity.
   It protects you from negative energy.
   It makes you more stealthy.
Armour
 c - a +1 robe of cold resistance
 d - a +0 helmet (worn)
 k - a +2 robe of willpower
 m - a +0 pair of gloves (worn)
 q - a scarf of invisibility (worn)
 y - +0 steam dragon scales (worn)
Jewellery
 f - an amulet of the acrobat (around neck)
 u - a ring of fire (right hand)
 M - a +6 ring of intelligence (left hand)
Wands
 w - a wand of mindburst (19)
 x - a wand of acid (12)
 z - a wand of iceblast (3)
 N - a wand of random effects (14)
Scrolls
 a - a scroll of holy word {unknown}
 b - 5 scrolls of teleportation
 e - a scroll of vulnerability {unknown}
 g - 3 scrolls of enchant weapon
 l - a scroll of brand weapon {unknown}
 p - 10 scrolls of amnesia {unknown}
 A - 2 scrolls of enchant armour
 E - 2 scrolls of summoning {unknown}
 F - a scroll of magic mapping
 G - a scroll of noise {unknown}
Potions
 i - 2 potions of brilliance
 j - 2 potions of flight {unknown}
 n - 5 potions of ambrosia
 o - 5 potions of curing
 r - 5 potions of might
 s - a potion of cancellation
 t - 8 potions of haste
 v - 4 potions of heal wounds
 B - a potion of mutation
 C - a potion of lignification
 D - 2 potions of invisibility
 H - 3 potions of magic {unknown}
 J - a potion of resistance


   Skills:
 * Level 7.9 Fighting
 + Level 1.1 Short Blades
 + Level 1.1 Axes
 * Level 9.6 Dodging
 - Level 1.5 Stealth
 * Level 16.5 Spellcasting


You had 11 spell levels left.
You knew the following spells:

 Your Spells              Type           Power      Damage    Failure   Level
a - Foxfire               Conj/Fire      100%       2x1d9     0%          1
b - Conjure Flame         Conj/Fire      100%       6-21      0%          3
c - Inner Flame           Hex/Fire       100%       N/A       0%          3
d - Sticky Flame          Conj/Fire      100%       2d11      1%          4
e - Fireball              Conj/Fire      57%        3d22      1%          5
f - Apportation           Tloc           100%       N/A       0%          1
g - Corpse Rot            Necr/Air       N/A        N/A       0%          2
h - Ignite Poison         Fire/Tmut/Pois 100%       N/A       0%          3
i - Vampiric Draining     Necr           46%        2d12      0%          3
j - Animate Armour        Summ/Erth      100%       N/A       1%          4
k - Summon Mana Viper     Hex/Summ       93%        N/A       1%          5
Your spell library was empty.

Dungeon Overview and Level Annotations

Branches:
Dungeon (11/15)            Temple (1/1) D:5            Lair (5/6) D:10
 Shoals (0/4) Lair:4        Snake (0/4) Lair:3
  Slime: Lair:5-6       Orc: D:9-12

Altars:
Ashenzari
Cheibriados
Dithmenos
Elyvilon
Fedhas
Gozag
Hepliaklqana
Kikubaaqudgha
Makhleb
Nemelex Xobeh
Okawaru
Qazlal
Ru
Sif Muna
Trog
Uskayaw
Vehumet
Wu Jian
Xom
Yredelemnul
Zin
The Shining One

Shops:
D:1 !   D:3 [(   D:6 *   D:9 !   Lair:3 *

Annotations:
D:6 2 transporters
Lair:3 Gauntlets of War


Innate Abilities, Weirdness & Mutations

You are immune to poison.
Your flesh is very heat resistant. (rF++)
You are vulnerable to cold. (rC-)
You float through the air rather than walking.
You learn spells naturally, not from books.
Your magical power is your life essence.
You have superior vitality. (+4 HP)


Message History

Aiming: Sticky Flame (safe; 1% risk of failure)
Press: ? - help, Shift-Dir - straight line, f - blink frog, p - blink frog
Aim: a blink frog (0% to evade)
You feel a surge of power!
The sticky flame hits the blink frog.
The blink frog is lightly wounded.
The blink frog is covered in liquid flames!
The boulder beetle burns!
The blink frog burns! x2
The blink frog completely misses you. The blink frog misses you.
The cane toad closely misses you. The blink frog closely misses you.
The blink frog hits you but does no damage.
The boulder beetle burns!
The blink frog burns! x2
The blink frog completely misses you.
The blink frog blinks!
The boulder beetle hits you!!
The boulder beetle stops rolling and uncurls.
Casting: Sticky Flame (safe; 1% risk of failure)
Confirm with . or Enter, or press ? or * to list all spells.
A mana viper appears with a sibilant hiss.
The boulder beetle burns!
The blink frog burns! x2
The blink frog completely misses you. The cane toad barely misses you.
The blink frog hits you!
* * * LOW HITPOINT WARNING * * *
The boulder beetle barely misses you. The cane toad completely misses you.
The blink frog hits you!
* * * LOW HITPOINT WARNING * * *
You feel much better.
The boulder beetle burns!
The blink frog burns! x2
The blink frog closely misses you. The blink frog hits you.
The blink frog blinks!
Your mana viper bites the cane toad.
The cane toad stings you but does no damage.
The boulder beetle bites you!!
* * * LOW HITPOINT WARNING * * *
You feel much better.
The boulder beetle burns!
The blink frog burns! x2
The blink frog hits you!
* * * LOW HITPOINT WARNING * * *
Your mana viper bites the cane toad!!
The cane toad stings you!
* * * LOW HITPOINT WARNING * * *
The blink frog hits you.
* * * LOW HITPOINT WARNING * * *
The blink frog blinks!
The boulder beetle bites you!
You die...
Your body crumbles into a pile of gold.

##......###
P.........#
###.........##
#............#
#####.....F#.....
#..#.....P.......
#.<...B§.........
##.....@FF........
#......S..F##....
##..P.##.##.......
####..### #.....#
#### .....# .....
P##.. # #


You could see a boulder beetle (burning), a cane toad (ally target), 3 blink
frogs and a friendly mana viper (summoned).

Vanquished Creatures
  Fannar (Lair:1)
  2 boulder beetles
  3 hydras (Lair:3)
  A catoblepas (Lair:4)
  A centaur warrior (D:10)
  5 death yaks (Lair:3)
  Sonja (D:10)
  4 two-headed ogres
  Pikel (D:8)
  12 elephants (Lair:4)
  An eye of devastation (shapeshifter) (D:10)
  A kobold demonologist (D:10)
  Joseph (D:8)
  8 cane toads
  An unseen horror (D:6)
  A rime drake (Lair:3)
  10 komodo dragons
  A troll (D:11)
  A queen bee (D:10)
  Grinder (D:3)
  6 slime creatures (D:10)
  3 wyverns
  37 yaks
  A vampire (D:10)
  A wraith (D:9)
  3 steam dragons
  2 basilisks (Lair:1)
  2 nagas (Lair:3)
  12 water moccasins
  4 orc warriors
  3 ice beasts
  2 ogres
  2 black bears
  2 necrophages (D:5)
  11 wolves
  5 centaurs
  2 kobold brigands (D:8)
  Blork the orc (D:6)
  10 bullfrogs
  A water moccasin zombie (D:6)
  29 killer bees
  5 wights (D:8)
  3 howler monkeys (D:10)
  A bullfrog zombie (D:6)
  3 centaur zombies
  3 hounds
  3 orc priests
  3 bullfrog skeletons
  A centaur skeleton (D:6)
  4 iguanas (Lair:1)
  3 orc wizards
  2 howler monkey zombies
  8 gnolls
  A howler monkey skeleton (D:7)
  5 adders
  A shadow imp (D:6)
  2 white imps
  A worm (D:2)
  2 dart slugs
  3 orcs
  8 ball pythons
  6 endoplasms
  2 giant cockroaches
  6 goblins
  6 hobgoblins
  2 jackals (D:1)
  4 quokkas
  11 bats
  3 frilled lizards
  14 kobolds
  8 rats
320 creatures vanquished.

Vanquished Creatures (others)
  559 foxfires
  12 fungi
  36 plants
607 creatures vanquished.

Grand Total: 927 creatures vanquished

Notes
Turn   | Place    | Note
-------+----------+-------------------------------------------
     0 | D:1      | robertstho the Djinni Fire Elementalist began the quest for
                  | the Orb.
     0 | D:1      | Reached XP level 1. HP: 15/15 MP: 0/0
   238 | D:1      | Reached skill level 3 in Spellcasting
   238 | D:1      | Reached XP level 2. HP: 19/21 MP: 0/0
   860 | D:1      | Found Nycaav's Distillery.
   866 | D:1      | Reached XP level 3. HP: 24/26 MP: 0/0
   866 | D:1      | Learned a level 1 spell: Apportation
  1725 | D:2      | Found a glowing golden altar of the Shining One.
  1850 | D:2      | Reached XP level 4. HP: 28/31 MP: 0/0
  1914 | D:2      | Reached skill level 4 in Spellcasting
  2199 | D:2      | Reached skill level 1 in Fighting
  2478 | D:3      | Found Siddiz's Antique Weapon Emporium.
  2635 | D:3      | Noticed Grinder
  2669 | D:3      | Killed Grinder
  2670 | D:3      | Reached skill level 5 in Spellcasting
  2670 | D:3      | Reached XP level 5. HP: 23/38 MP: 0/0
  2670 | D:3      | Learned a level 2 spell: Corpse Rot
  2670 | D:3      | Reached XP level 6. HP: 27/43 MP: 0/0
  2884 | D:3      | Found a white marble altar of Elyvilon.
  3070 | D:3      | Found Titiy's Antique Armour Shop.
  3078 | D:3      | Bought an embroidered robe for 85 gold pieces
  3427 | D:4      | Identified a scroll of acquirement
  3427 | D:4      | Acquired 458 gold pieces
  3650 | D:4      | Noticed a black bear
  3666 | D:4      | Killed a black bear
  3852 | D:4      | Reached XP level 7. HP: 46/49 MP: 0/0
  3852 | D:4      | Learned a level 3 spell: Ignite Poison
  4008 | D:4      | Reached skill level 6 in Spellcasting
  4453 | D:5      | Entered Level 5 of the Dungeon
  4665 | D:5      | Found a staircase to the Ecumenical Temple.
  4777 | Temple   | Entered the Ecumenical Temple
  5429 | D:5      | Reached skill level 7 in Spellcasting
  5429 | D:5      | Reached XP level 8. HP: 51/55 MP: 0/0
  5614 | D:6      | Noticed Blork the orc
  5620 | D:6      | Killed Blork the orc
  5841 | D:6      | Reached skill level 8 in Spellcasting
  6229 | D:6      | Reached XP level 9. HP: 56/61 MP: 0/0
  6229 | D:6      | Learned a level 3 spell: Vampiric Draining
  6404 | D:6      | Found a transporter.
  6467 | D:6      | Reached skill level 9 in Spellcasting
  6535 | D:6      | Noticed an unseen horror
  6540 | D:6      | Killed an unseen horror
  6541 | D:6      | Reached skill level 5 in Dodging
  6763 | D:6      | Found a transporter.
  6775 | D:6      | Identified the amulet of Haimid {Faith rElec}
  6916 | D:6      | Found Lajuppoh's General Store.
  6925 | D:6      | Bought a ring of fire for 275 gold pieces
  7811 | D:7      | Reached skill level 10 in Spellcasting
  8594 | D:8      | Found a burning altar of Makhleb.
  8708 | D:8      | Reached XP level 10. HP: 63/69 MP: 0/0
  9182 | D:8      | Found a hide-covered altar of Uskayaw.
  9183 | D:8      | Found a shimmering altar of Xom.
  9552 | D:8      | Noticed Pikel
  9570 | D:8      | Killed Pikel
  9571 | D:8      | Reached skill level 5 in Fighting
  9571 | D:8      | Reached skill level 11 in Spellcasting
  9828 | D:8      | Noticed Joseph
  9837 | D:8      | Killed Joseph
 10498 | D:8      | Found a sparkling altar of Nemelex Xobeh.
 10498 | D:8      | Found an opulent altar of Gozag.
 10507 | D:8      | Became a worshipper of Gozag Ym Sagoz the Greedy
 10581 | D:9      | Found Ujeah's Distillery.
 10639 | D:9      | Bought a potion of haste for 110 gold pieces
 10639 | D:9      | Bought a potion of mutation for 88 gold pieces
 10639 | D:9      | Bought a potion of lignification for 33 gold pieces
 10639 | D:9      | Bought a potion of invisibility for 88 gold pieces
 10639 | D:9      | Bought a potion of curing for 33 gold pieces
 10639 | D:9      | Bought a potion of curing for 33 gold pieces
 10739 | D:9      | Noticed a two-headed ogre
 10742 | D:9      | Killed a two-headed ogre
 11344 | D:10     | Entered Level 10 of the Dungeon
 11388 | D:10     | Noticed Sonja
 11391 | D:10     | Killed Sonja
 11392 | D:10     | Reached skill level 12 in Spellcasting
 11392 | D:10     | Reached XP level 11. HP: 65/76 MP: 0/0
 11392 | D:10     | Learned a level 4 spell: Animate Armour
 11481 | D:10     | Noticed a two-headed ogre
 11488 | D:10     | Noticed a two-headed ogre
 11493 | D:10     | Killed a two-headed ogre
 11508 | D:10     | Killed a two-headed ogre
 11788 | D:10     | Noticed a centaur warrior
 11996 | D:10     | Killed a centaur warrior
 12223 | D:10     | Noticed a two-headed ogre
 12230 | D:10     | Killed a two-headed ogre
 12317 | D:10     | Found a staircase to the Lair.
 12665 | D:10     | Reached skill level 13 in Spellcasting
 13023 | D:10     | Reached skill level 1 in Short Blades
 13470 | D:10     | Reached XP level 12. HP: 47/83 MP: 0/0
 14292 | D:3      | Bought a scorched broad axe for 243 gold pieces
 14292 | D:3      | Identified the +10 broad axe of Rirecw {vorpal, rF+ Int+4}
                  | (You bought it in a shop on level 3 of the Dungeon)
 14292 | D:3      | Bought a slimy morningstar for 243 gold pieces
 14292 | D:3      | Identified the +6 morningstar of the Magi {vamp, rElec rN+
                  | Int-2 Stlth+} (You bought it in a shop on level 3 of the
                  | Dungeon)
 14341 | D:1      | Bought a potion of heal wounds for 55 gold pieces
 14341 | D:1      | Bought a potion of heal wounds for 55 gold pieces
 14543 | Lair:1   | Entered Level 1 of the Lair of Beasts
 14584 | Lair:1   | Noticed Fannar
 14691 | Lair:1   | Killed Fannar
 14802 | Lair:1   | Reached skill level 14 in Spellcasting
 15187 | Lair:1   | Upgraded the game from 0.27-a0-765-ge4d627daa3 to
                  | 0.27-a0-773-gaaee5cf45b
 16909 | Lair:2   | Noticed a boulder beetle
 16915 | Lair:2   | Killed a boulder beetle
 17377 | Lair:3   | Noticed a six-headed hydra
 17394 | Lair:3   | Killed a six-headed hydra
 17498 | Lair:3   | Reached skill level 15 in Spellcasting
 17745 | Lair:3   | Found a staircase to the Snake Pit.
 17752 | Lair:3   | Noticed a seven-headed hydra
 17757 | Lair:3   | Killed a seven-headed hydra
 17758 | Lair:3   | Reached XP level 13. HP: 61/90 MP: 0/0
 17758 | Lair:3   | Learned a level 5 spell: Summon Mana Viper
 19732 | Lair:4   | Reached skill level 16 in Spellcasting
 19768 | Lair:3   | Bought a scroll of enchant armour for 105 gold pieces
 19768 | Lair:3   | Bought a potion of heal wounds for 70 gold pieces
 19768 | Lair:3   | Bought a scroll of teleportation for 42 gold pieces
 20846 | Lair:4   | Found a staircase to the Shoals.
 21102 | Lair:4   | Reached skill level 1 in Axes
 21466 | Lair:5   | HP: 3/92 [blink frog (3)]
 21466 | Lair:5   | Slain by a boulder beetle

Illustrated notes

Levels and vault maps discovered:
D:1:      minmay_arrival_split_and_join, layout_basic, serial_shops, shop
D:2:      minmay_alternating_diamond, layout_basic,
          nicolae_tso_swordbearing_angel
D:3:      layout_loops_ring, serial_shops, shop, shop, elyvilon_altar_3,
          uniq_grinder
D:4:      layout_basic, item_on_display_a
D:5:      layout_basic, minmay_temple_entry_purple_smoke
D:6:      layout_cave_pools, serial_shops, shop, gammafunk_ghost_gnarly_gnolls,
          uniq_blork_the_orc
D:7:      layout_basic, enter_ossuary_1, grunt_ministairs_14
D:8:      layout_loops_ring, grunt_temple_overflow_opulence,
          kennysheep_mini_moat, chequers_temple_overflow_statue_of_worship,
          uniq_pikel, uniq_joseph
D:9:      layout_roguey, serial_shops, nicolae_shop_crystal
D:10:     minmay_s_stair_smasher, layout_long_grid, lair_entry_dummy,
          special_room [special_room_bee], nicolae_sextant, uniq_sonja
D:11:     layout_layer_cave, kennysheep_orc_monster_closet_entryway,
          chequers_guarded_unrand_ignorance
Temple:   regret_index_temple_sphere_string
Lair:1:   beast_lair_carwin_large_1, layout_layer_cave, lemuel_fruit_tree,
          uniq_fannar
Lair:2:   layout_small_grid, grunt_megastairs_4, infiniplex_staircase_pool
Lair:3:   layout_cave_shapes, guppyfry_snake_entry_garden, grunt_megastairs_1
Lair:4:   layout_hall_layers, shoals_dummy_entry, lemuel_fruit_fields,
          lemuel_fruit_fields
Lair:5:   layout_cellular_growth, minmay_holes

Skill      XL: |  1  2  3  4  5  6  7  8  9 10 11 12 13 |
---------------+----------------------------------------+-----
Spellcasting   | 3 5 7 8 10 12 13 15 16 | 16.5
Fighting       | 1 2 3 4 5 6 7 |  7.9
Dodging        | 3 4 6 7 8 9 |  9.6
Short Blades   | 1 |  1.1
Axes           | 1 |  1.1
Stealth        | |  1.5

Action                   |  1- 3 |  4- 6 |  7- 9 | 10-12 | 13-15 || total
-------------------------+-------+-------+-------+-------+-------++-------
Melee: Dagger            |       |     1 |     2 |    21 |       ||    24
       Broad axe         |       |       |       |       |    11 ||    11
 Cast: Foxfire           |    61 |    74 |   168 |    20 |     1 ||   324
       Sticky Flame      |       |       |    10 |    23 |    17 ||    50
       Fireball          |       |       |     6 |   151 |    76 ||   233
       Inner Flame       |       |       |     1 |     1 |       ||     2
       Conjure Flame     |       |       |       |     3 |       ||     3
       Animate Armour    |       |       |       |     1 |       ||     1
       Summon Mana Viper |       |       |       |       |     1 ||     1
Invok: Call Merchant     |       |       |       |       |     1 ||     1
  Use: Scroll            |       |     3 |     5 |     4 |     1 ||    13
       Potion            |       |       |     1 |     1 |     2 ||     4
 Stab: Sleeping          |       |     1 |       |       |       ||     1
       Distracted        |       |       |       |       |     1 ||     1
Armor: Robe              |     2 |     3 |    19 |     2 |       ||    26
       Steam dragon scal |       |       |       |     3 |    17 ||    20
Dodge: Dodged            |    14 |    23 |    95 |    37 |    44 ||   213

Table legend: (Time is in decaauts)
 A = Elapsed time spent in this place.
 B = Non-inter-level travel time spent in this place.
 C = Inter-level travel time spent in this place.
 D = Time resting spent in this place.
 E = Time spent auto-exploring this place.
 F = Levels seen in this place.
 G = Mean time per level.
                   A        B        C        D        E       F      G
               +--------+--------+--------+--------+--------+-----+--------+
         Total |  21491 |  20379 |   1112 |   4404 |  14100 |  17 | 1264.2 |
       Dungeon |  14658 |  13763 |    895 |   2522 |   9778 |  11 | 1332.5 |
        Temple |    186 |    169 |     17 |      0 |    145 |   1 |  186.0 |
          Lair |   6645 |   6446 |    199 |   1882 |   4177 |   5 | 1329.0 |
               +--------+--------+--------+--------+--------+-----+--------+

Top non-repeatable levels by time:
  Lair:3: 2337 daAuts
    D:10: 2286 daAuts
     D:8: 1883 daAuts
     D:7: 1695 daAuts
  Lair:1: 1643 daAuts
  Lair:4: 1613 daAuts
     D:9: 1605 daAuts
     D:2: 1434 daAuts
     D:5: 1365 daAuts
     D:1: 1108 daAuts
     D:6: 1094 daAuts
     D:4: 1073 daAuts
  Lair:2: 1030 daAuts
     D:3: 1015 daAuts
  Temple: 186 daAuts
